 Dungeon Crawl Stone Soup version 0.28.0-47-ge53b351184 (webtiles) character file.

Game seed: 9881362391703034967

20 Bruhh the Magician (level 3, -1/25 HPs)
             Began as a Djinni Fire Elementalist on Apr 28, 2022.
             Killed from afar by a dart slug (2 damage)
             ... with a slug dart
             ... on level 1 of the Dungeon.
             The game lasted 00:01:39 (846 turns).

Bruhh the Magician (Djinni Fire Elementalist)        Turns: 846, Time: 00:01:39

Health: -1/25      AC:  2    Str:  7    XL:     3   Next: 0%
Gold:   43         EV: 12    Int: 18    God:
                   SH:  0    Dex: 13

rFire   + + .      SeeInvis .   (no weapon)
rCold   x . .      Faith    +   (no shield)
rNeg    . . .      Spirit   .   a - +0 robe
rPois   ∞          Reflect  .   (no helmet)
rElec   .          Harm     .   (no cloak)
rCorr   .          Rampage  .   (no gloves)
Will    .....                   (boots unavailable)
Stlth   ++........              b - amulet of faith
HPRegen 0.08/turn               (no ring)
MPRegen 0.00/turn               (no ring)

@: flying
A: sickness immunity, fire resistance 2, cold vulnerability 1, float, innate
caster, HP casting, extra vitality 1
a: no special abilities


You were on level 1 of the Dungeon.
You visited 1 branch of the dungeon, and saw 1 of its levels.

You collected 43 gold pieces.

Inventory:

Armour
 a - a +0 robe (worn)
 c - a +0 kite shield
Jewellery
 b - an amulet of faith (around neck)
Scrolls
 e - a scroll of fog {unknown}
 g - 3 scrolls of identify {unknown}
 h - a scroll of amnesia {unknown}
Potions
 d - a potion of haste {unknown}
 f - a potion of curing {unknown}


   Skills:
 - Level 2.1 Dodging
 - Level 1.5 Stealth
 + Level 3.1 Spellcasting


You couldn't memorise any spells.
You knew the following spells:

 Your Spells              Type           Power      Damage    Failure   Level
a - Foxfire               Conj/Fire      56%        2x1d6     4%          1
b - Scorch                Fire           28%        2d6       7%          2
c - Conjure Flame         Conj/Fire      14%        6-21      13%         3
d - Inner Flame           Hex/Fire       14%        N/A       13%         3
e - Flame Wave            Conj/Fire      14%        2d6       41%         4
f - Shock                 Conj/Air       56%        1d6       4%          1
Your spell library was empty.

Dungeon Overview and Level Annotations

Branches:
Dungeon (1/15)

Altars:

Shops:
D:1 [


Innate Abilities, Weirdness & Mutations

You are immune to sickness and miasma.
You are immune to poison.
Your flesh is very heat resistant. (rF++)
You are vulnerable to cold. (rC-)
You float through the air rather than walking.
You learn spells naturally, not from books.
Your magical power is your life essence.
You have superior vitality. (+4 MHP)


Message History

Flames lash the endoplasm.
The endoplasm is almost dead.
The endoplasm's fire resistance burns away.
* * * LOW HITPOINT WARNING * * *
You hear a bark!
You hear a shout!
An endoplasm is nearby!
Casting: Scorch (safe; 8% risk of failure)
Confirm with . or Enter, or press ? or * to list all spells.
Flames lash the endoplasm.
The endoplasm is burned terribly!
You kill the endoplasm!
* * * LOW HITPOINT WARNING * * *
A jackal comes into view.
You have reached level 3!
Your experience leads to an increase in your attributes!
Increase (S)trength, (I)ntelligence, or (D)exterity?
You feel clever. x2
The power to cast Shock wells up from within.
Spell assigned to 'f'.
Your magical contamination has completely faded away.
The jackal bites you.
* * * LOW HITPOINT WARNING * * *
A jackal comes into view.
The jackal bites you but does no damage.
The jackal misses you. The jackal barely misses you.
The jackal closely misses you.
A dart slug comes into view.
The jackal misses you.
Casting: Scorch (safe; 7% risk of failure)
Confirm with . or Enter, or press ? or * to list all spells.
Aiming: Shock (safe; 4% risk of failure)
Press: ? - help, Shift-Dir - straight line The zap hits the jackal.
The jackal is severely wounded.
The zap hits the jackal.
You kill the jackal!
* * * LOW HITPOINT WARNING * * *
The dart slug launches a dart at you. The slug dart hits you.
You die...

#..# ######..#
........# #######.#
### #.# ##.## #.#
##.#.######.#
#.###....h..######
##@#.######......##
##.# ##...###...
#.# #.....##### #.#
##...## .# ##.## .#
#.# w# #.# .# #+#


You could see a dart slug.

Vanquished Creatures
  2 bats (D:1)
  3 endoplasms (D:1)
  3 hobgoblins (D:1)
  3 jackals (D:1)
  2 kobolds (D:1)
  A quokka (D:1)
  2 ball pythons (D:1)
  A frilled lizard (D:1)
  A goblin (D:1)
  A rat (D:1)
19 creatures vanquished.

Vanquished Creatures (others)
  15 foxfires (D:1)
15 creatures vanquished.

Grand Total: 34 creatures vanquished

Notes
Turn   | Place    | Note
-------+----------+-------------------------------------------
     0 | D:1      | Bruhh the Djinni Fire Elementalist began the quest for the
                  | Orb.
     0 | D:1      | Reached XP level 1. HP: 15/15 MP: 0/0
   354 | D:1      | Reached XP level 2. HP: 19/21 MP: 0/0
   671 | D:1      | Found Irighet's Armour Shop.
   676 | D:1      | Reached skill level 3 in Spellcasting
   826 | D:1      | Reached XP level 3. HP: 1/25 MP: 0/0
   826 | D:1      | Learned a level 1 spell: Shock
   832 | D:1      | HP: 1/25 [jackal (1)]
   846 | D:1      | Killed from afar by a dart slug

Illustrated notes

Levels and vault maps discovered:
D:1:      pf_arrival_petrified_forest, layout_loops_corners, serial_shops,
          nicolae_shop_trees

Skill      XL: |  1  2 |
---------------+-------+-----
Spellcasting   | 3 |  3.1
Dodging        | |  2.1
Stealth        | |  1.5

Action                   || total
-------------------------++-------
Melee: Unarmed           ||     9
       Punch             ||     1
 Cast: Foxfire           ||    11
       Scorch            ||    16
       Shock             ||     1
Armor: Robe              ||     4
Dodge: Dodged            ||    15
